 Dungeon Crawl Stone Soup version 0.30.1-4-g462c640d31 (webtiles) character file.

Game seed: 4012124467324387423

33 Fortress the Insei (level 3, 0/26 HPs)
             Began as a Merfolk Transmuter on Aug 22, 2023.
             Succumbed to an adder's poison
             ... on level 2 of the Dungeon.
             The game lasted 00:04:00 (1093 turns).

Fortress the Insei (Merfolk Transmuter)             Turns: 1093, Time: 00:04:00

Health: 0/26       AC:  5    Str: 10    XL:     3   Next: 29%
Magic:  6/7        EV: 11    Int: 14    God:
Gold:   71         SH:  0    Dex: 14    Spells: 6/7 levels left

rFire   + .          .
                       - Unarmed
rCold   + . .        (no shield)
rNeg    . . .        h - +0 ring mail
rPois   +            (helmet currently unavailable)
rElec   +            (no cloak)
rCorr   +            (no gloves)
SInv    .            k - melded +0 pair of boots
Will    .....        (no amulet)
Stlth   +            (no ring)
HPRegen 0.24/turn    (no ring)
MPRegen 0.10/turn

%: no passive effects
@: lethally poisoned (0 -> -1), appendages (expiring), resistant, attractive,
hasted, very quick
A: horns 2, (nimble swimmer 2), mertail
a: End Transformation


You were on level 2 of the Dungeon.
You had temporarily grown beastly horns.
You visited 1 branch of the dungeon, and saw 2 of its levels.

You collected 71 gold pieces.

Inventory:

Armour
 h - a +0 ring mail (worn)
 k - a +0 pair of boots (melded)
Scrolls
 a - 2 scrolls of fear {unknown}
 d - 2 scrolls of amnesia {unknown}
 e - a scroll of magic mapping {unknown}
 f - a scroll of fog {unknown}
 g - a scroll of noise {unknown}
 i - a scroll of enchant armour {unknown}
Potions
 b - 2 potions of lignification
 c - a potion of resistance


   Skills:
 + Level 1.1 Fighting
 + Level 2.8 Dodging
 + Level 3.9 Unarmed Combat
 + Level 2.7 Spellcasting
 + Level 3.0 Transmutations


You had 6 spell levels left.
You knew the following spells:

 Your Spells              Type           Power      Damage    Failure   Level
a - Beastly Appendage     Tmut           20%        N/A       17%         1

Your spell library contained the following spells:

 Spells                   Type           Power      Damage    Failure   Level
 Wereblood                Tmut           10%        N/A       26%         2
 Spider Form              Tmut/Pois      6%         N/A       67%         3
 Ice Form                 Ice/Tmut       6%         N/A       97%         4


Dungeon Overview and Level Annotations

Branches:
Dungeon (2/15)

Altars:


Innate Abilities, Weirdness & Mutations

You have temporarily grown beastly horns.
((You are very nimble when in or above water. (Stealth+, EV+, Speed+++)))
Your lower body shifts to a powerful aquatic tail in water.


Message History

The kobold closely misses you.
A goblin comes into view. It is wielding a +0 dagger.
The adder bites you.
You miss the adder.
The adder is moderately wounded.
The goblin shouts!
The kobold hits you with a +0 short sword.
The adder closely misses you.
You hit the adder.
The adder is heavily wounded.
The adder bites you but does no damage. The kobold closely misses you.
The adder attacks as you move away! The adder bites you but does no damage.
You hit the adder.
The adder is almost dead.
Your transformation is almost over.
The adder bites you. x2
You hit the adder but do no damage.
The adder is almost dead.
The adder bites you.
You are poisoned.
The adder poisons you!
You hit the adder.
The adder is almost dead.
You feel sick. The adder bites you.
* * * LOW HITPOINT WARNING * * *
It was a potion of resistance.
You feel protected.
* * * LOW HITPOINT WARNING * * *
You feel sick. The adder bites you but does no damage.
It was a potion of haste.
You feel yourself speed up.
* * * LOW HITPOINT WARNING * * *
You feel sick. The adder bites you but does no damage.
The adder barely misses you.
It was a potion of attraction.
You feel attractive to monsters.
* * * LOW HITPOINT WARNING * * *
You feel sick. The adder closely misses you.
You miss the adder.
The adder is almost dead.
You die...

#####....##...#...#####.####.
...<..........................
##....##.)...#####.#######.##.
#.### #....## #.# #.#.. ..
#.##.## #.# #.#.# . #.##..#
#.# #.#. ..###.## #.# #...
..## #..# #.# ##.. ### ##@#
#.# ..# #S# ## #KK# .g...
.#..[..# ..####.... .. .....
... .### ... ..


You could see an adder, a goblin and 2 kobolds.

Vanquished Creatures
  An adder (D:2)
  A dart slug (D:2)
  3 endoplasms (D:1)
  A giant cockroach (D:1)
  A goblin (D:1)
  2 hobgoblins (D:1)
  2 kobolds
  3 ball pythons (D:1)
  3 frilled lizards
  5 rats
22 creatures vanquished.

Notes
Turn   | Place    | Note
-------+----------+-------------------------------------------
     0 | D:1      | Fortress the Merfolk Transmuter began the quest for the
                  | Orb.
     0 | D:1      | Reached XP level 1. HP: 15/15 MP: 3/3
   185 | D:1      | Reached XP level 2. HP: 21/21 MP: 5/5
   997 | D:2      | Reached XP level 3. HP: 25/26 MP: 7/7
  1092 | D:2      | HP: 1/26 [poisoned by an adder]
  1093 | D:2      | Succumbed to an adder's poison

Illustrated notes

Levels and vault maps discovered:
D:1:      kennysheep_arrival_forest, layout_basic, minmay_pentomino_o2
D:2:      layout_rooms, minmay_rat_gold_closets

Skill      XL: |  1  2  3 |
---------------+----------+-----
Transmutations | 3 |  3.0
Fighting       | |  1.1
Dodging        | |  2.8
Unarmed Combat | |  3.9
Spellcasting   | |  2.7

Action                     || total
---------------------------++-------
  Melee: Unarmed           ||    84
         Headbutt          ||     4
         Punch             ||     1
   Cast: Beastly Appendage ||     6
    Use: Potion            ||     3
 Armour: Leather armour    ||     2
         Ring mail         ||    16
  Dodge: Dodged            ||    50
